 Dungeon Crawl Stone Soup version 0.26.0-10-g1f06aea511 (webtiles) character file.

Game seed: 2366312512955121549

123 Dracia the Poker (level 4, 0/33 HPs)
             Began as a Demonspawn Gladiator on Jan 16, 2021.
             Slain by a gnoll
             ... wielding a +0 spear
              (3 damage)
             ... on level 4 of the Dungeon.
             The game lasted 00:04:26 (2370 turns).

Dracia the Poker (Demonspawn Gladiator)             Turns: 2370, Time: 00:04:26

Health: 0/33       AC:  7    Str: 14    XL:     4   Next: 80%
Magic:  4/4        EV: 12    Int: 10    God:
Gold:   147        SH:  0    Dex: 15    Spells: 3/3 levels left

rFire    + . .     SeeInvis .   a - +0 trident
rCold    + . .     Faith    .   (no shield)
rNeg     . . .     Spirit   .   b - +0 leather armour
rPois    +         Reflect  .   j - +2 helmet
rElec    +         Harm     .   (no cloak)
rCorr    +         Rampage  .   i - +0 pair of gloves
Will     .....                  (no boots)
Stlth    +.........             (no amulet)
HPRegen  0.11/turn              (no ring)
MPRegen  0.09/turn              (no ring)

@: resistant
A: claws 1, demonic guardian 1
a: no special abilities


You were on level 4 of the Dungeon.
You visited 1 branch of the dungeon, and saw 4 of its levels.

You collected 147 gold pieces.


Innate Abilities, Weirdness & Mutations

You have sharp fingernails.
A weak demonic guardian rushes to your aid.


   Skills:
 - Level 2.0 Fighting
 + Level 5.1 Polearms
 - Level 1.7 Throwing
 - Level 2.6 Dodging


You had 3 spell levels left.
You didn't know any spells.
Your spell library was empty.

Inventory:

Hand Weapons
 a - a +0 trident (weapon)
Missiles
 d - 3 throwing nets (quivered) {=f=f}
 h - 5 boomerangs
Armour
 b - a +0 leather armour (worn)
 c - a +0 helmet
 i - a +0 pair of gloves (worn)
 j - a +2 helmet (worn)
Jewellery
 q - an uncursed ring of positive energy {unknown}
Scrolls
 e - 5 scrolls of identify {unknown}
 g - 2 scrolls of remove curse {unknown}
 l - 2 scrolls of blinking {unknown}
 n - a scroll of teleportation {unknown}
 p - a scroll of enchant weapon {unknown}
Potions
 f - a potion of brilliance {unknown}
 k - a potion of cancellation {unknown}
 m - a potion of curing {@q1@q1}
 o - a potion of magic {unknown}
 r - a potion of berserk rage {unknown}

Dungeon Overview and Level Annotations

Branches:
Dungeon (3/15)

Altars:
Nemelex Xobeh
Uskayaw

#..# ......
##.##...). #
#......#
.#..###......###
..........#....
##.#.##...##.##
# #....(>..#
.#...5Zw..#
.....S..Z@(##
....##..).g.#
....#..†..(..#
#..#........##
.###........#
##......##
..#......
...#.....


You could see a gnoll, an adder, a dart slug, an adder skeleton, a bullfrog
skeleton and a friendly shadow imp (summoned).


Message History

Your shadow imp barely misses the bullfrog skeleton.
You hit the gnoll but do no damage.
The gnoll is severely wounded.
An adder comes into view.
The gnoll hits you with a +0 spear.
* * * LOW HITPOINT WARNING * * *
The adder skeleton barely misses you.
The bullfrog skeleton barely misses you.
The dart slug barely misses you.
Your shadow imp closely misses the bullfrog skeleton.
You hit the gnoll but do no damage.
The gnoll is severely wounded.
The bullfrog skeleton barely misses you.
The adder skeleton bites you but does no damage.
The gnoll closely misses you.
The dart slug bites you but does no damage.
Your shadow imp hits the bullfrog skeleton.
The bullfrog skeleton closely misses you.
The adder skeleton bites you but does no damage.
It was a potion of curing.
You feel better. The gnoll hits you with a +0 spear!
* * * LOW HITPOINT WARNING * * *
The bullfrog skeleton hits you but does no damage.
The adder skeleton closely misses you.
Your shadow imp hits the bullfrog skeleton.
The dart slug bites you but does no damage.
Unknown command.
It was a potion of resistance.
You feel protected. The gnoll hits you with a +0 spear.
You die...

Skill      XL: |  1  2  3  4 |
---------------+-------------+-----
Polearms       | 3 4 5 |  5.1
Fighting       | |  2.0
Throwing       | |  1.7
Dodging        | |  2.6

Action                   |  1- 3 |  4- 6 || total
-------------------------+-------+-------++-------
Melee: Trident           |   130 |    19 ||   149
  Use: Potion            |       |     2 ||     2
 Stab: Sleeping          |     1 |       ||     1
Armor: Leather armour    |    32 |    12 ||    44
Dodge: Dodged            |    79 |    28 ||   107

Levels and vault maps discovered:
D:1:      giann_horns, layout_loops_cross, nemelex_xobeh_ov_fountains_minmay
D:2:      layout_basic, dancing_weapons_uskayaw
D:3:      layout_loops_cross, patterned_corridor, uniq_jessica, uniq_terence
D:4:      layout_cave_pools, grunt_decor_clamped, minmay_misc_feat_chi,
          uniq_natasha

Notes
Turn   | Place    | Note
-------+----------+-------------------------------------------
     0 | D:1      | Dracia the Demonspawn Gladiator began the quest for the
                  | Orb.
     0 | D:1      | Reached XP level 1. HP: 16/16 MP: 1/1
    27 | D:1      | Reached skill level 3 in Polearms
    36 | D:1      | Gained mutation: A weak demonic guardian rushes to your
                  | aid. [demonic ancestry]
    36 | D:1      | Reached XP level 2. HP: 16/22 MP: 2/2
   550 | D:1      | Found a sparkling altar of Nemelex Xobeh.
   695 | D:1      | Reached XP level 3. HP: 27/27 MP: 3/3
   937 | D:1      | Reached skill level 4 in Polearms
  1526 | D:2      | Noticed a +0 hand axe
  1527 | D:2      | Found a hide-covered altar of Uskayaw.
  1527 | D:2      | Noticed a +0 dagger
  2272 | D:3      | Gained mutation: You have sharp fingernails. [demonic
                  | ancestry]
  2272 | D:3      | Reached XP level 4. HP: 33/33 MP: 4/4
  2339 | D:3      | You fall into a shaft and drop 1 floor!
  2357 | D:4      | Reached skill level 5 in Polearms
  2369 | D:4      | HP: 3/33 [gnoll/+0 spear (7)]
  2370 | D:4      | Identified a potion of resistance
  2370 | D:4      | Slain by a gnoll

Vanquished Creatures
  A gnoll (D:4)
  2 adders (D:2)
  An ooze (D:1)
  A dart slug (D:1)
  2 leopard geckos (D:1)
  A ball python (D:1)
  2 bats (D:1)
  2 giant cockroaches
  5 hobgoblins
  5 jackals
  A frilled lizard (D:1)
  8 goblins (D:1)
  4 kobolds
  4 rats
39 creatures vanquished.

Vanquished Creatures (collateral kills)
  A howler monkey (D:4)
  A gnoll (D:4)
  A leopard gecko (D:4)
3 creatures vanquished.

Grand Total: 42 creatures vanquished

Table legend: (Time is in decaauts)
 A = Elapsed time spent in this place.
 B = Non-inter-level travel time spent in this place.
 C = Inter-level travel time spent in this place.
 D = Time resting spent in this place.
 E = Time spent auto-exploring this place.
 F = Levels seen in this place.
 G = Mean time per level.
                   A        B        C        D        E       F      G
               +--------+--------+--------+--------+--------+-----+--------+
         Total |   2385 |   2326 |     59 |    310 |   1715 |   4 |  596.2 |
       Dungeon |   2385 |   2326 |     59 |    310 |   1715 |   4 |  596.2 |
               +--------+--------+--------+--------+--------+-----+--------+

Top non-repeatable levels by time:
     D:2: 1132 daAuts
     D:1: 1131 daAuts
     D:3: 89 daAuts
     D:4: 31 daAuts

Table legend:
 A = Non-vault XP
 B = Vault XP
 C = Vault XP percentage of total XP
 D = Non-vault monster count
 E = Vault monster count
 F = Vault count percentage of total count
                 A         B        C        D         E       F
            +---------+---------+-------+---------+---------+-------
      Total |     177 |       0 |   0.0 |      42 |       0 |   0.0
            +---------+---------+-------+---------+---------+-------
        D:1 |      58 |       0 |   0.0 |      29 |       0 |   0.0
        D:2 |      38 |       0 |   0.0 |       8 |       0 |   0.0
        D:3 |       2 |       0 |   0.0 |       1 |       0 |   0.0
        D:4 |      79 |       0 |   0.0 |       4 |       0 |   0.0
            +---------+---------+-------+---------+---------+-------
